 Dungeon Crawl Stone Soup version 0.28.0-53-g5a82cb258f (webtiles) character file.

Game seed: 17603465407275344579

6199 safid the Severer (level 10, -15/84 HPs)
             Began as a Hill Orc Fighter on July 30, 2022.
             Was an Elder of the Shining One.
             Demolished by a freezing wraith (18 damage)
             ... led by a death knight
             ... on level 8 of the Dungeon.
             The game lasted 00:12:31 (8988 turns).

safid the Severer (Hill Orc Fighter)                Turns: 8988, Time: 00:12:31

Health: -15/84     AC: 19    Str: 24    XL:     10   Next: 91%
Magic:  13/13      EV:  6    Int:  8    God:    the Shining One [****..]
Gold:   464        SH:  8    Dex: 10    Spells: 9/9 levels left

rFire   . . .      SeeInvis .   a - +0 war axe
rCold   . . .      Faith    .   K - +0 kite shield
rNeg    + + .      Spirit   .   d - +0 plate armour
rPois   .          Reflect  .   q - +0 helmet
rElec   .          Harm     .   D - +0 cloak
rCorr   .          Rampage  .   (no gloves)
Will    .....                   (no boots)
Stlth   ..........              M - amulet of the acrobat
HPRegen 0.24/turn               j - +4 ring of slaying
MPRegen 0.13/turn               n - +4 ring of protection

@: glowing
A: no striking features
a: Renounce Religion, Divine Shield, Cleansing Flame


You were on level 8 of the Dungeon.
You worshipped the Shining One.
The Shining One was greatly pleased with you.
You visited 1 branch of the dungeon, and saw 10 of its levels.
You visited the Abyss 1 time.
You also visited: Sewer.

You collected 464 gold pieces.

Inventory:

Hand Weapons
 a - a +0 war axe (weapon)
Missiles
 f - 11 poisoned darts (quivered)
 r - 2 javelins
 G - 6 boomerangs
 L - a throwing net
Armour
 d - a +0 plate armour (worn)
 q - a +0 helmet (worn)
 D - a +0 cloak (worn)
 K - a +0 kite shield (worn)
Jewellery
 j - a +4 ring of slaying (left hand)
 n - a +4 ring of protection (right hand)
 y - a ring of positive energy
 J - a ring of see invisible
 M - an amulet of the acrobat (around neck)
Wands
 b - a wand of charming (9)
 c - a wand of paralysis (17)
 t - a wand of polymorph (12)
 w - a wand of flame (33)
 F - a wand of acid (15)
 I - a wand of iceblast (21)
Scrolls
 g - a scroll of vulnerability
 h - 5 scrolls of blinking
 k - 2 scrolls of amnesia {unknown}
 s - 3 scrolls of teleportation {unknown}
 u - a scroll of enchant armour {unknown}
 v - 4 scrolls of identify {unknown}
 x - a scroll of fear {unknown}
 A - a scroll of summoning {unknown}
 C - 2 scrolls of holy word {unknown}
 H - a scroll of magic mapping {unknown}
 O - a scroll of acquirement {unknown}
 P - a scroll of noise {unknown}
Potions
 e - 4 potions of mutation {unknown}
 i - 6 potions of curing {unknown}
 l - 4 potions of brilliance {unknown}
 m - 3 potions of haste {unknown}
 o - 2 potions of heal wounds {unknown}
 p - a potion of degeneration {unknown}
 z - 3 potions of attraction {unknown}
 B - a potion of resistance {unknown}
 E - 3 potions of flight {unknown}
 N - a potion of berserk rage {unknown}


   Skills:
 + Level 6.4 Fighting
 - Level 16.0 Axes
 + Level 3.4 Throwing
 + Level 6.0 Armour
 + Level 3.2 Dodging
 + Level 5.2 Shields
 + Level 5.2 Invocations


You had 9 spell levels left.
You didn't know any spells.
Your spell library contained the following spells:

 Spells                   Type           Power      Damage    Failure   Level
 Summon Small Mammal      Summ           0%         N/A       100%        1
 Corpse Rot               Necr/Air       0%         N/A       100%        2
 Poisonous Vapours        Pois/Air       0%         N/A       100%        2
 Call Canine Familiar     Summ           0%         N/A       100%        3
 Summon Guardian Golem    Hex/Summ       0%         N/A       100%        3
 Tukima's Dance           Hex            0%         N/A       100%        3
 Passage of Golubria      Tloc           0%         N/A       100%        4
 Petrify                  Tmut/Erth      0%         N/A       100%        4
 Metabolic Englaciation   Hex/Ice        0%         N/A       100%        5
 Yara's Violent Unravell  Hex/Tmut       0%         3d3       100%        5
 Statue Form              Tmut/Erth      0%         N/A       100%        6


Dungeon Overview and Level Annotations

Branches:
Dungeon (10/15)            Temple (0/1) D:7           Sewer (visited)
   Lair: D:8-11         Orc: D:9-12

Altars:
Dithmenos
Gozag
Hepliaklqana
Yredelemnul
The Shining One

Shops:
D:7 [

Annotations:
D:4 4 runed translucent doors, Alliumium's ghost, novice MiFi; Crazy Yiuf; Jingleheimer's ghost, amateur DsAK; SoupLadl's ghost, amateur DrBe


Message History

You see here 24 bolts.
The death knight mumbles some strange prayers to Yredelemnul against you.
You struggle to resist.
You feel yourself speed up. You block the death knight's attack.
There is an open door here.
There is an open door here.
The freezing wraith hits you but does no damage. x2
There is a stone staircase leading up here.
You climb upwards.
There is a stone staircase leading down here.
You hit the freezing wraith.
The freezing wraith is lightly damaged.
The freezing wraith hits you but does no damage.
You block the freezing wraith's attack.
You hit the freezing wraith.
The freezing wraith is lightly damaged.
The freezing wraith hits you but does no damage.
The freezing wraith hits you.
* * * LOW HITPOINT WARNING * * *
You slash the freezing wraith!
The freezing wraith is heavily damaged.
You block the freezing wraith's attack.
The freezing wraith hits you but does no damage.
You slash the freezing wraith!
The freezing wraith is severely damaged.
The freezing wraith hits you but does no damage. x2
You barely miss the freezing wraith.
The freezing wraith is severely damaged.
The freezing wraith hits you.
* * * LOW HITPOINT WARNING * * *
The freezing wraith freezes you!
* * * LOW HITPOINT WARNING * * *
You block the freezing wraith's attack.
Activating: Cleansing Flame (41% risk of failure)
Press: ? - help, Dir - look around, f - activate You fail to use your ability.
The freezing wraith hits you.
* * * LOW HITPOINT WARNING * * *
The freezing wraith freezes you!!
You die...

.................## #.#
..#####..######...###.#
#.# #....# #..#.....#
..# #..#.# #....#####
#.# #.##.# #.#.## #.#
##.##.# #.#.# #..
...##.# #.#.# ###
#.###.# #.#W# #.# #.#
#.#@# #.###.# #.#.#
#.....###.#.#
#...........#
#####.#######.###
#.............#
######(######.##
.†.....# #.# ######.#
#.#


You could see a freezing wraith.

Vanquished Creatures
  Maurice (D:8)
  Grinder (D:5)
  A shadow (D:5)
  8 yaks
  3 wyverns
  3 water moccasins
  3 sky beasts
  2 black bears
  4 orc warriors
  A necrophage (D:5)
  7 ogres
  2 centaurs
  2 bullfrogs
  A scorpion (D:4)
  A wyvern zombie (D:5)
  A gnoll sergeant (D:7)
  A wyvern skeleton (D:6)
  13 killer bees
  A howler monkey (D:5)
  2 centaur zombies
  2 hounds
  9 orc priests
  3 iguanas
  A bullfrog skeleton (D:7)
  Natasha (thrice) (D:3)
  5 orc wizards
  A howler monkey zombie (D:8)
  Robin (D:3)
  4 gnolls (D:7)
  6 adders
  A howler monkey skeleton (D:6)
  2 river rats (D:4)
  A shadow imp (D:5)
  A white imp (D:5)
  2 ufetubi (D:4)
  3 adder skeletons (D:4)
  3 worms
  2 dart slugs (D:2)
  20 orcs
  12 ball pythons
  11 endoplasms
  5 giant cockroaches
  10 goblins
  5 hobgoblins
  8 jackals
  10 kobolds
  9 quokkas
  4 bats
  14 frilled lizards
  5 rats
221 creatures vanquished.

Vanquished Creatures (others)
  A fungus (D:2)
  9 plants
  4 withered plants (D:4)
14 creatures vanquished.

Grand Total: 235 creatures vanquished

Notes
Turn   | Place    | Note
-------+----------+-------------------------------------------
     0 | D:1      | safid the Hill Orc Fighter began the quest for the Orb.
     0 | D:1      | Reached XP level 1. HP: 19/19 MP: 1/1
   101 | D:1      | Reached skill level 3 in Axes
   101 | D:1      | Reached XP level 2. HP: 18/27 MP: 2/2
   748 | D:1      | Reached XP level 3. HP: 33/33 MP: 3/3
  1479 | D:2      | Found a faded altar of an unknown god.
  1490 | D:2      | Prayed at the altar of an unknown god.
  1490 | D:2      | Became a worshipper of the Shining One
  1490 | D:2      | Reached * piety under the Shining One
  1668 | D:3      | Reached XP level 4. HP: 36/40 MP: 4/4
  1734 | D:3      | Noticed Robin
  1741 | D:3      | Killed Robin
  1742 | D:3      | Reached skill level 4 in Axes
  1819 | D:3      | Noticed Natasha
  1821 | D:3      | Killed Natasha
  1822 | D:3      | Reached skill level 5 in Axes
  1870 | D:3      | Noticed Natasha
  1875 | D:3      | Killed Natasha
  1876 | D:3      | Reached XP level 5. HP: 46/46 MP: 5/5
  1936 | D:3      | Noticed Natasha
  2126 | D:3      | Killed Natasha
  2230 | D:3      | Reached skill level 6 in Axes
  2407 | D:4      | Noticed an ogre
  2416 | D:4      | Killed an ogre
  2417 | D:4      | Reached skill level 7 in Axes
  2417 | D:4      | Reached XP level 6. HP: 33/52 MP: 6/6
  2491 | D:4      | Found a runed translucent gate.
  2491 | D:4      | Found a runed translucent gate.
  2492 | D:4      | Found a runed translucent gate.
  2495 | D:4      | Noticed Jingleheimer's ghost (amateur DsAK)
  2495 | D:4      | Reached ** piety under the Shining One
  2495 | D:4      | Noticed Alliumium's ghost (novice MiFi)
  2495 | D:4      | Noticed SoupLadl's ghost (amateur DrBe)
  2523 | D:4      | Found a glowing drain.
  2537 | Sewer    | Entered a sewer
  2820 | Sewer    | Reached skill level 8 in Axes
  2985 | Sewer    | Reached XP level 7. HP: 59/59 MP: 7/7
  3208 | D:4      | Reached skill level 9 in Axes
  3343 | D:4      | Found a runed translucent door.
  3344 | D:4      | Noticed Crazy Yiuf
  3411 | D:4      | Reached skill level 10 in Axes
  3947 | D:4      | Identified the +0 scale mail "Raebubatee" {rC+}
  4279 | D:5      | Entered Level 5 of the Dungeon
  4370 | D:5      | Noticed a shadow
  4378 | D:5      | Killed a shadow
  4379 | D:5      | Reached skill level 11 in Axes
  4379 | D:5      | Reached XP level 8. HP: 66/66 MP: 8/8
  4408 | D:5      | Found a hazy altar of Hepliaklqana.
  4515 | D:5      | Reached *** piety under the Shining One
  4783 | D:5      | Reached skill level 12 in Axes
  4911 | D:5      | Noticed Grinder
  4928 | D:5      | Killed Grinder
  5084 | D:5      | Reached skill level 13 in Axes
  5358 | D:6      | Reached XP level 9. HP: 70/71 MP: 9/9
  5359 | D:6      | Reached skill level 14 in Axes
  5670 | D:6      | Identified the +3 dagger "Coirph" {spect, *Slow rPois
                  | Str+5}
  6071 | D:7      | Reached skill level 15 in Axes
  6422 | D:7      | Cast into level 1 of the Abyss (gnoll sergeant)
  6435 | Abyss:1  | Found a runed translucent gate.
  6435 | Abyss:1  | Found a runed translucent gate.
  6439 | Abyss:1  | Found a runed translucent gate.
  6449 | D:7      | Escaped the Abyss
  6654 | D:7      | Reached **** piety under the Shining One
  6774 | D:7      | Reached skill level 16 in Axes
  6781 | D:7      | Reached skill level 1 in Invocations
  6953 | D:7      | Reached skill level 1 in Throwing
  6953 | D:7      | Reached skill level 1 in Dodging
  7071 | D:7      | Found a shadowy altar of Dithmenos.
  7209 | D:7      | Found a basalt altar of Yredelemnul.
  7213 | D:7      | Found a staircase to the Ecumenical Temple.
  7344 | D:7      | Found Gyif's Armour Shoppe.
  7444 | D:8      | Noticed Maurice
  7458 | D:8      | Killed Maurice
  7459 | D:8      | Reached XP level 10. HP: 73/80 MP: 10/12
  7503 | D:8      | Reached skill level 5 in Fighting
  7510 | D:8      | Reached skill level 5 in Armour
  8131 | D:8      | You fall into a shaft and drop 2 floors!
  8131 | D:10     | Entered Level 10 of the Dungeon
  8533 | D:9      | Reached skill level 5 in Shields
  8561 | D:9      | Reached skill level 5 in Invocations
  8697 | D:9      | Found an opulent altar of Gozag.
  8953 | D:9      | Noticed a death knight
  8988 | D:8      | HP: 3/84 [freezing wraith[a death knight] (6)]
  8988 | D:8      | Demolished by a freezing wraith

Illustrated notes

Levels and vault maps discovered:
D:1:      dpeg_arrival_shelter, layout_loops_corners,
          minmay_misc_feat_secret_circle, minivault_11
D:2:      layout_rooms, dreamdust_ecumenical_altar_grove,
          nicolae_concentric_dashed_squares_wild
D:3:      layout_basic, minmay_misc_feat_room, minmay_misc_feat_iff, uniq_robin,
          uniq_natasha
D:4:      layout_gridville, gammafunk_ghost_cemetery, portal_sewer_entry_b,
          minivault_1, uniq_crazy_yiuf_cottage
D:5:      layout_basic, nicolae_hepliaklqana_hippocampus, uniq_grinder
D:6:      layout_layer_cave, nrook_loot_triangle
D:7:      layout_loops_ring, yredelemnul_altar_generic,
          mainiacjoe_overflow_chevrons, minmay_temple_entry_proselytizer,
          serial_shops, nicolae_lakefront_shop
D:8:      layout_loops_ring, minivault_19, corner_web_ring,
          minmay_misc_feat_five, uniq_maurice, uniq_pikel
D:9:      layout_roguey, mainiacjoe_overflow_concentric_impassable,
          minmay_lair_entry_grove, uniq_grum
D:10:     layout_roguey

Skill      XL: |  1  2  3  4  5  6  7  8  9 10 |
---------------+-------------------------------+-----
Axes           | 3 5 7 8 11 13 16 | 16.0
Fighting       | 4 6 |  6.4
Shields        | 4 5 |  5.2
Armour         | 4 6 |  6.0
Invocations    | 2 5 |  5.2
Throwing       | 1 3 |  3.4
Dodging        | 1 3 |  3.2

Action                   |  1- 3 |  4- 6 |  7- 9 | 10-12 || total
-------------------------+-------+-------+-------+-------++-------
Melee: War axe           |    90 |   114 |   219 |   158 ||   581
       Unarmed           |       |     3 |       |       ||     3
Invok: Divine Shield     |       |       |     1 |     1 ||     2
  Use: Scroll            |       |       |     1 |       ||     1
       Potion            |       |       |     1 |       ||     1
Armor: Scale mail        |    57 |    53 |    84 |     3 ||   197
       Plate armour      |       |       |       |    52 ||    52
Dodge: Dodged            |    55 |    61 |    82 |    20 ||   218
Block: Buckler           |    27 |    30 |    34 |     1 ||    92
       Kite shield       |       |       |       |    56 ||    56
